 Dungeon Sprint DCSS version 0.14-a0-3367-g7c2a7eb (webtiles) character file.

584 Froboctopus the Summoner (level 6, -11/41 HPs)
             Began as a Mummy Summoner on Mar 19, 2014.
             Was a Follower of Sif Muna.
             Mangled by Sonja
             ... wielding a +0,+0 dagger of distortion
              (21 damage)
             ... in the Dungeon (Sprint I: "Red Sonja").
             The game lasted 00:05:20 (1005 turns).

Froboctopus the Summoner (Mummy Summoner)           Turns: 1005, Time: 00:05:20

HP -11/41        AC  2     Str 11      XL: 6   Next:  8%
MP   0/18        EV 12     Int 16      God: Sif Muna [*.....]
Gold 297         SH  0     Dex 12      Spells:  4 memorised,  5 levels left

rFire  x . .     SeeInvis .     c - +0,-1 dagger
rCold  + . .     Clarity  .     d - +0 robe
rNeg   + + +     Conserve .     (no shield)
rPois  +         rCorr    .     (no helmet)
rElec  .         rRot     +     (no cloak)
SustAb . .       Spirit   .     (no gloves)
rMut   .         Warding  .     (no boots)
Saprov . . .     NoTele   +     (no amulet)
MR     .....                    (no ring)
                                (no ring)

@: not resistant to hostile enchantments, unstealthy
A: no food or potions, fire vulnerability, restore body, cold resistance 1, life
protection 3, poison resistance, torment resistance, unbreathing
a: Channel Energy, Renounce Religion


You were in the Dungeon.
You worshipped Sif Muna.
Sif Muna was aware of your devotion.
You were not hungry.

You visited 1 branch You collected 297 gold pieces.

Inventory:

Hand weapons
 c - a +0,-1 dagger (weapon)
Missiles
 a - a throwing net (quivered)
Armour
 d - a +0 robe (worn)
Magical devices
 e - a wand of flame (8)
Scrolls
 h - a scroll of blinking
Books
 b - a book of Callings

   Spells                             Type                      Level
   *Summon Small Mammal               Summoning                    1
   *Call Imp                          Summoning                    2
   Call Canine Familiar               Summoning                    3
   Summon Guardian Golem              Hexes/Summoning              4
   *Summon Lightning Spire            Summoning/Air                4
   *Summon Ice Beast                  Ice/Summoning                4


   Skills:
 - Level 1.5 Dodging
 - Level 1.5 Stealth
 + Level 5.8 Spellcasting
 * Level 8.0 Summonings
 * Level 4.0 Ice Magic
 * Level 3.9 Air Magic


You had 5 spell levels left.
You knew the following spells:

 Your Spells              Type           Power        Failure   Level  Hunger
a - Summon Small Mammal   Summ           ####         1%          1    N/A
b - Call Imp              Summ           ####......   1%          2    N/A
c - Summon Lightning Spi  Summ/Air       ###.....     14%         4    N/A
d - Summon Ice Beast      Ice/Summ       ###.....     14%         4    N/A

Dungeon Overview and Level Annotations

Branches:
Dungeon (1/1)

Altars:
Cheibriados
Dithmenos
Elyvilon
Fedhas
Okawaru
Sif Muna
Trog
Vehumet
Xom
Yredelemnul
The Shining One

Shops:
D }

Annotations:
D Sonja


Innate Abilities, Weirdness & Mutations

You do not eat or drink.
Your flesh is vulnerable to fire.
Your flesh is cold resistant.
You are immune to negative energy.
Your system is resistant to poisons.
You are immune to unholy pain and torment.
You can survive without breathing.


Message History

Your ice beast dies!
Your ice beast barely misses Sonja.
Sonja hits your ice beast but does no damage.
Your ice beast is devoured by a tear in reality.
Unknown command.
Casting: Summon Ice Beast
Confirm with . or Enter, or press ? or * to list all spells.
A beastly little devil appears in a puff of flame.
Sonja hits you with an uncursed dagger of distortion. x2
Sonja barely misses you.
Casting: Call Imp
Confirm with . or Enter, or press ? or * to list all spells.
A shadowy apparition takes form in the air.
Sonja hits you with an uncursed dagger of distortion!
Space warps horribly around you!
Sonja hits you with an uncursed dagger of distortion.
* * * LOW HITPOINT WARNING * * *
Space warps horribly around you!
Ouch! That really hurt!
You die...

###################
#<.#..)..#..'..#__#
#..%..#..[..#..'..+
#..#####'#####'#__#
#..####..#...#.####
#..#_.####.(##@#
#..#.....##'#K5+
#⌠⌠#_.∩...%§I5_#
####.....##§(#'#
#_._._###+#.#
####### #.### ...
$*$# ##f##


You could see Sonja, a friendly ice beast, a friendly crimson imp and a friendly
shadow imp.

Vanquished Creatures (collateral kills)
  A slime creature (D)
  An elephant slug (D)
  An ogre (D)
  Sigmund (D)
  A jelly (D)
  Ijyb (D)
6 creatures vanquished.

Vanquished Creatures (others)
  A gargoyle (D)
  4 ice beasts (D)
  2 lightning spires (D)
  3 white imps (D)
  A rat (D)
11 creatures vanquished.

Grand Total: 17 creatures vanquished

Notes
Turn   | Place    | Note
--------------------------------------------------------------
     0 | D        | Froboctopus, the Mummy Summoner, began the quest for the Orb.
     0 | D        | Reached XP level 1. HP: 13/13 MP: 3/3
     1 | D        | Noticed Ijyb
    17 | D        | Killed Ijyb
    17 | D        | Reached skill level 4 in Summonings
    17 | D        | Reached XP level 2. HP: 7/19 MP: 1/5
   215 | D        | Learned a level 2 spell: Call Imp
   220 | D        | Noticed an ogre
   230 | D        | Killed an ogre
   230 | D        | Reached skill level 5 in Summonings
   230 | D        | Reached XP level 3. HP: 24/24 MP: 1/9
   231 | D        | Killed a gargoyle
   315 | D        | Noticed Sigmund
   324 | D        | Killed Sigmund
   324 | D        | Reached skill level 6 in Summonings
   324 | D        | Reached XP level 4. HP: 25/30 MP: 3/12
   339 | D        | Learned a level 4 spell: Summon Lightning Spire
   344 | D        | Learned a level 4 spell: Summon Ice Beast
   383 | D        | Found a basalt altar of Yredelemnul.
   507 | D        | Noticed a jelly
   507 | D        | Found a white marble altar of Elyvilon.
   507 | D        | Found a shimmering altar of Xom.
   508 | D        | Noticed a slime creature
   508 | D        | Found a radiant altar of Vehumet.
   508 | D        | Found a blossoming altar of Fedhas.
   518 | D        | Killed a jelly
   518 | D        | Reached skill level 5 in Spellcasting
   518 | D        | Reached skill level 1 in Ice Magic
   518 | D        | Reached skill level 1 in Air Magic
   525 | D        | Found a deep blue altar of Sif Muna.
   525 | D        | Killed a slime creature
   525 | D        | Reached skill level 7 in Summonings
   525 | D        | Reached XP level 5. HP: 11/35 MP: 3/16
   719 | D        | Became a worshipper of Sif Muna the Loreminder
   749 | D        | Found Mnen's Gadget Emporium.
   749 | D        | Found an iron altar of Okawaru.
   749 | D        | Found a glowing golden altar of the Shining One.
   749 | D        | Found a snail-covered altar of Cheibriados.
   749 | D        | Found a bloodstained altar of Trog.
   749 | D        | Noticed an elephant slug
   765 | D        | Killed an elephant slug
   765 | D        | Acquired Sif Muna's first power
   765 | D        | Reached skill level 8 in Summonings
   765 | D        | Reached XP level 6. HP: 41/41 MP: 3/18
   769 | D        | Found a shadowy altar of Dithmenos.
   867 | D        | Noticed Sonja
  1005 | D        | Mangled by Sonja

Action                   |  1- 3 |  4- 6 || total
-------------------------+-------+-------++-------
Melee: Unarmed           |    11 |       ||    11
       Dagger            |       |     4 ||     4
 Cast: Summon Small Mamm |     5 |     1 ||     6
       Call Imp          |     5 |     8 ||    13
       Summon Ice Beast  |       |     8 ||     8
       Summon Lightning  |       |     3 ||     3
Evoke: Wand              |       |     1 ||     1
